 Dungeon Crawl Stone Soup version 0.19.0-2-gae57169 (console) character file.

38 Kloppie the Cudgeler (level 3, -4/36 HPs)
             Began as a Gargoyle Berserker on Nov 5, 2016.
             Was a Believer of Trog.
             Slain by a goblin
             ... wielding a +0 club
             ... led by Robin
              (6 damage)
             ... on level 2 of the Dungeon.
             The game lasted 00:01:09 (676 turns).

Kloppie the Cudgeler (Gargoyle Berserker)            Turns: 676, Time: 00:01:09

Health: -4/36      AC:  5    Str: 25    XL:     3   Next: 43%
Magic:  3/3        EV: 12    Int:  7    God:    Trog [**....]
Gold:   115        SH:  0    Dex: 10    Spells: 0 memorised, 2 levels left

rFire  . . .     SeeInvis .     a - +0 mace
rCold  . . .     Gourm    .     b - +0 animal skin
rNeg   + . .     Faith    .     (no shield)
rPois  ∞         Spirit   .     (no helmet)
rElec  +         Reflect  .     (no cloak)
rCorr  .         Harm     .     (no gloves)
MR     .....                    (no boots)
Stlth  ..........               (no amulet)
                                (no ring)
                                (no ring)

@: berserking, very quick
A: negative energy resistance 1, electricity resistance, unbreathing,
petrification resistance, rot immunity, AC +3
a: Berserk, Trog's Hand, Burn Spellbooks, Renounce Religion


You were on level 2 of the Dungeon.
You worshipped Trog.
Trog was pleased with you.
You were not hungry.

You visited 1 branch of the dungeon, and saw 2 of its levels.

You collected 115 gold pieces.

Inventory:

Hand Weapons
 a - a +0 mace (weapon)
Armour
 b - a +0 animal skin (worn)
Scrolls
 d - 3 scrolls of recharging {unknown}
 e - 2 scrolls of teleportation {unknown}
 g - a scroll of amnesia {unknown}
 h - 2 scrolls of identify {unknown}
 i - a scroll of magic mapping {unknown}
Comestibles
 c - 3 bread rations
 f - 6 chunks of flesh


   Skills:
 + Level 3.8 Fighting
 + Level 4.0 Maces & Flails
 - Level 2.1 Armour
 - Level 1.5 Dodging


You had 2 spell levels left.
You didn't know any spells.

Dungeon Overview and Level Annotations

Branches:
Dungeon (2/15)

Altars:
Fedhas

Annotations:
D:2 Ijyb, Robin


Innate Abilities, Weirdness & Mutations

You are resistant to torment.
Your stone body is resilient. (AC +3)
You are immune to poison.
You resist negative energy. (rN+)
You are resistant to electric shocks. (rElec)
You can survive without breathing.
You are immune to petrification.
You are immune to rotting.


Message History

A red film seems to cover your vision as you go berserk!
You feel yourself moving faster!
You feel mighty!
You feel quite a bit more hungry. The goblin misses you.
The goblin closely misses you. The goblin hits you but does no damage.
The goblin closely misses you. The goblin barely misses you.
You barely miss the goblin. The goblin hits you.
* * * LOW HITPOINT WARNING * * *
The goblin barely misses you. The goblin closely misses you.
The goblin hits you with a club.
* * * LOW HITPOINT WARNING * * *
You barely miss Ijyb. The goblin hits you.
* * * LOW HITPOINT WARNING * * *
The goblin hits you but does no damage. x2; The goblin barely misses you.
Ijyb screams, "I dance on your bones!" Ijyb closely misses you.
You hit Ijyb.
Ijyb is moderately wounded.
The goblin barely misses you. x2; The goblin hits you but does no damage.
The goblin misses you. The goblin hits you with a club.
You die...

.#...............# #...
.................# #...
........##+#.....# #...
...###..##.#.....####...
........................
...###.!##.############.
. #.....# #.... #gg####
#.... #g@# #....


#ggggg.# #.... ...ggggg..# #...# .......g....# #... ..[.........# [...
............# ## ............. ##............ .# .. You could see Ijyb, Robin, 4
hobgoblins and 8 goblins.

Vanquished Creatures
  An adder (D:2)
  A giant cockroach (D:1)
  5 goblins
  4 hobgoblins (D:1)
  6 bats
  6 frilled lizards
  3 kobolds (D:1)
  3 rats
29 creatures vanquished.

Notes
Turn   | Place    | Note
-------+----------+-------------------------------------------
     0 | D:1      | Kloppie the Gargoyle Berserker began the quest for the Orb.
     0 | D:1      | Reached XP level 1. HP: 14/14 MP: 1/1
    98 | D:1      | Reached XP level 2. HP: 17/19 MP: 2/2
   529 | D:2      | Reached XP level 3. HP: 21/24 MP: 3/3
   599 | D:2      | Found a blossoming altar of Fedhas.
   613 | D:2      | Reached ** piety under Trog
   665 | D:2      | Noticed Robin
   667 | D:2      | Noticed Ijyb
   668 | D:2      | Reached skill level 4 in Maces & Flails
   676 | D:2      | Slain by a goblin

Skill      XL: |  1  2  3 |
---------------+----------+-----
Maces & Flails | 4 |  4.0
Fighting       | |  3.8
Armour         | |  2.1
Dodging        | |  1.5

Action                   || total
-------------------------++-------
Melee: Mace              ||   120
Invok: Berserk           ||     1
Armor: Animal skin       ||    51
Dodge: Dodged            ||   125
